 Dungeon Crawl Stone Soup version 0.20-a0-315-g8346a86 (webtiles) character file.

962 AlphabetPasta the Firebug (level 7, 0/60 HPs)
             Began as a Deep Dwarf Fire Elementalist on Dec 20, 2016.
             Killed by divine providence
             ... invoked by an orc priest
              (13 damage)
             ... on level 4 of the Dungeon.
             The game lasted 00:39:09 (6380 turns).

AlphabetPasta the Firebug (DDFE)                    Turns: 6380, Time: 00:39:09

Health: 0/60       AC:  8    Str: 12    XL:     7   Next: 92%
Magic:  4/11       EV: 13    Int: 17    God:
Gold:   266        SH:  0    Dex: 13    Spells: 2/12 levels left

rFire  . . .     SeeInvis .     l - +1 hand axe
rCold  . . .     Gourm    .     r - +0 leather armour
rNeg   . . .     Faith    .     (no shield)
rPois  .         Spirit   .     (no helmet)
rElec  .         Reflect  .     f - +0 cloak
rCorr  .         Harm     .     (no gloves)
MR     +....                    n - +0 pair of boots
Stlth  ++........               (no amulet)
                                (no ring)
                                v - +3 ring of protection

@: lethally poisoned (0 -> 0), non-regenerating, repel missiles
A: damage resistance, recharge devices, sense surroundings 1, slow regeneration
3
a: Device Recharging


You were on level 4 of the Dungeon.
You were hungry.

You visited 1 branch of the dungeon, and saw 4 of its levels.
You also visited: Ossuary.

You collected 266 gold pieces.

Inventory:

Hand Weapons
 l - a +1 hand axe (weapon)
Armour
 a - a +0 robe
 f - a +0 cloak (worn)
 j - a +0 ring mail
 n - a +0 pair of boots (worn)
 r - a +0 leather armour (worn)
Jewellery
 v - a +3 ring of protection (left hand)
Wands
 c - a wand of heal wounds (1/9)
 m - a wand of digging (17/24)
 s - a wand of flame (26/48)
Scrolls
 g - a scroll of teleportation
 h - 2 scrolls of remove curse
 q - a scroll of enchant weapon
Potions
 e - a potion of flight
 i - 2 potions of might
 k - 2 potions of curing {unknown}
 t - 2 potions of agility
 u - a potion of lignification {unknown}
Books
 b - a book of Flames

   Spells                             Type                      Level
   a - Flame Tongue                   Conjuration/Fire             1
   b - Throw Flame                    Conjuration/Fire             2
   c - Conjure Flame                  Conjuration/Fire             3
   d - Inner Flame                    Hexes/Fire                   3
   e - Sticky Flame                   Conjuration/Fire             4
   f - Fireball                       Conjuration/Fire             5
 o - a book of Minor Magic

   Spells                             Type                      Level
   a - Magic Dart                     Conjuration                  1
   b - Blink                          Translocation                2
   c - Call Imp                       Summoning                    2
   d - Repel Missiles                 Charms/Air                   2
   e - Slow                           Hexes                        2
   f - Conjure Flame                  Conjuration/Fire             3
   g - Mephitic Cloud                 Conjuration/Poison/Air       3
Comestibles
 d - 4 bread rations
 p - a meat ration


   Skills:
 + Level 2.1 Fighting
 - Level 2.2 Axes
 + Level 3.2 Armour
 + Level 4.1 Dodging
 - Level 2.4 Stealth
 * Level 3.3 Spellcasting
 + Level 2.8 Conjurations
 * Level 4.4 Fire Magic
 + Level 3.8 Evocations


You had 2 spell levels left.
You knew the following spells:

 Your Spells              Type           Power        Failure   Level  Hunger
a - Flame Tongue          Conj/Fire      ###..        6%          1    None
b - Throw Flame           Conj/Fire      ###...       10%         2    ##.....
c - Conjure Flame         Conj/Fire      ###.....     14%         3    ###....
d - Blink                 Tloc           N/A          38%         2    ##.....
e - Repel Missiles        Chrm/Air       #.....       38%         2    ##.....


Dungeon Overview and Level Annotations

Branches:
Dungeon (4/15)
 Temple: D:4-7

Altars:
Hepliaklqana
Sif Muna
Vehumet


Innate Abilities, Weirdness & Mutations

You are resistant to damage.
You can recharge devices by infusing magical energy.
You passively map a small area around you.
You do not regenerate.


Message History

Aiming: Flame Tongue
Press: ? - help, Shift-Dir - straight line, f/p - orc
Aim: an orc, wielding a club (lightly wounded)
The flame tongue hits the orc.
You kill the orc!
The orc priest calls down the wrath of Beogh upon you.
Beogh smites you!
A worker ant comes into view.
The worker ant twitches its antennae in your direction.
The worker ant bites you but does no damage.
The worker ant bites you.
You are poisoned.
The worker ant poisons you! The worker ant barely misses you.
The orc priest calls down the wrath of Beogh upon you.
Beogh smites you!
* * * LOW HITPOINT WARNING * * *
The orc priest mumbles some strange prayers to Beogh against you.
Beogh smites you!
You die...

#.......##...............##.####
###....##...###...>..........#..
*#.<..>..........#.........####
#...................#....รท...####
##.........>#...................#
##........##............###....#
##....................###......
#..............a.............#
##.........<.@o.......#....###
##............#.........###
...............o....## *
#............###...## ***
.##...#......# #....# , *
*#..........###....# *, *
#.................# * ,
..#...##..........###*
.,#..............#..##


You could see an orc warrior, a worker ant and an orc priest.

Vanquished Creatures
  Sigmund (D:4)
  A black bear (D:4)
  5 elf zombies (Ossuary)
  A human zombie (Ossuary)
  Crazy Yiuf (D:2)
  Terence (D:2)
  A big kobold zombie (Ossuary)
  A hound zombie (Ossuary)
  3 mummies (Ossuary)
  3 gnolls (D:4)
  4 adders
  3 oozes
  5 adder zombies (Ossuary)
  An adder skeleton (D:3)
  A dart slug (D:1)
  5 leopard geckos (D:3)
  2 orcs (D:4)
  6 bats
  4 giant cockroaches
  18 goblins
  14 hobgoblins
  8 jackals
  14 kobolds
  2 quokkas
  6 frilled lizards
  3 gnoll zombies (Ossuary)
  7 goblin zombies (Ossuary)
  A hobgoblin zombie (Ossuary)
  A jackal zombie (Ossuary)
  3 kobold zombies (Ossuary)
  An orc zombie (Ossuary)
  6 quokka zombies
  5 rats
  2 rat zombies (Ossuary)
  A fungus (D:2)
141 creatures vanquished.

Vanquished Creatures (others)
  An orc wizard (D:3)
1 creature vanquished.

Grand Total: 142 creatures vanquished

Notes
Turn   | Place    | Note
-------+----------+-------------------------------------------
     0 | D:1      | AlphabetPasta the Deep Dwarf Fire Elementalist began the quest for the Orb.
     0 | D:1      | Reached XP level 1. HP: 15/15 MP: 3/3
   110 | D:1      | Reached skill level 1 in Conjurations
   229 | D:1      | Reached XP level 2. HP: 20/22 MP: 1/4
   233 | D:1      | Learned a level 2 spell: Throw Flame
   722 | D:1      | Reached skill level 1 in Evocations
   958 | D:1      | Reached XP level 3. HP: 21/28 MP: 2/5
  1303 | D:2      | Reached skill level 1 in Armour
  1503 | D:2      | Noticed Terence
  1535 | D:2      | Reached XP level 4. HP: 27/36 MP: 1/7
  1547 | D:2      | Learned a level 3 spell: Conjure Flame
  1788 | D:2      | Killed Terence
  1788 | D:2      | Reached skill level 1 in Axes
  2337 | D:2      | Found a hazy altar of Hepliaklqana.
  2497 | D:2      | Found a runed door.
  2502 | D:2      | Noticed Crazy Yiuf
  2517 | D:2      | Killed Crazy Yiuf
  2517 | D:2      | Reached XP level 5. HP: 2/43 MP: 0/8
  3601 | D:3      | Found a deep blue altar of Sif Muna.
  3754 | D:4      | Found a sand-covered staircase.
  3802 | Ossuary  | Entered an ossuary
  4098 | Ossuary  | Reached XP level 6. HP: 29/50 MP: 0/9
  4106 | Ossuary  | Learned a level 3 spell: Conjure Flame
  4247 | Ossuary  | Reached skill level 1 in Fighting
  4933 | Ossuary  | Reached XP level 7. HP: 26/57 MP: 5/10
  5776 | D:4      | Found a radiant altar of Vehumet.
  5784 | D:4      | Noticed Sigmund
  5798 | D:4      | Killed Sigmund
  5903 | D:4      | Learned a level 2 spell: Blink
  5906 | D:4      | Learned a level 2 spell: Repel Missiles
  6380 | D:4      | Killed from afar by an orc priest

Vault maps used:
D:1:      minmay_arrival_stone_box, st_stairs_8, minmay_ruptured
D:2:      lemuel_crystal_altar, first_bread, kennysheep_cluttered_room,
          grunt_decor_mini_mirrors, uniq_terence, uniq_crazy_yiuf_cottage
D:3:      tgw_sif
D:4:      nicolae_tso_swordbearing_angel, enter_ossuary_4,
          vehumet_altar_wand_db, uniq_sigmund
Ossuary:  minmay_ossuary_two_tombs

Skill      XL: |  1  2  3  4  5  6  7 |
---------------+----------------------+-----
Conjurations   | 1 2 |  2.8
Evocations     | 1 2 3 |  3.8
Fire Magic     | 3 4 |  4.4
Armour         | 1 2 3 |  3.2
Spellcasting   | 2 3 |  3.3
Axes           | 1 2 |  2.2
Dodging        | 3 4 |  4.1
Fighting       | 1 2 |  2.1
Stealth        | |  2.4

Action                   |  1- 3 |  4- 6 |  7- 9 || total
-------------------------+-------+-------+-------++-------
Melee: Unarmed           |     4 |       |       ||     4
       Hand axe          |     3 |    65 |       ||    68
 Cast: Flame Tongue      |    77 |   184 |   109 ||   370
       Throw Flame       |       |     2 |     1 ||     3
       Conjure Flame     |       |       |     2 ||     2
       Repel Missiles    |       |       |     1 ||     1
Evoke: Wand              |       |     4 |       ||     4
  Use: Scroll            |     4 |     7 |     5 ||    16
       Potion            |       |     1 |     2 ||     3
 Stab: Sleeping          |       |     1 |       ||     1
  Eat: Chunk             |     3 |     5 |     2 ||    10
       Pizza             |       |     1 |     1 ||     2
       Meat ration       |       |     2 |       ||     2
Armor: Robe              |     3 |    10 |       ||    13
       Leather armour    |       |    15 |     3 ||    18
Dodge: Dodged            |    24 |    61 |    23 ||   108
